 Dungeon Crawl Stone Soup version 0.19.5 (webtiles) character file.

154 DatMonkey the Ruffian (level 5, -13/44 HPs)
             Began as a Naga Transmuter on Mar 1, 2017.
             Killed by divine providence
             ... invoked by an orc priest
              (16 damage)
             ... on level 2 of the Dungeon.
             The game lasted 00:34:45 (4040 turns).

DatMonkey the Ruffian (Naga Transmuter)             Turns: 4040, Time: 00:34:46

Health: -13/44     AC:  5    Str: 13    XL:     5   Next: 35%
Magic:  8/8        EV:  9    Int: 13    God:
Gold:   113        SH:  0    Dex: 12    Spells: 2 memorised, 2 levels left

rFire  + . .     SeeInvis +     e - +0 hand axe
rCold  . . .     Gourm    .     k - +0 ring mail {rF+}
rNeg   . . .     Faith    .     (no shield)
rPois  +         Spirit   .     (no helmet)
rElec  .         Reflect  .     (no cloak)
rCorr  .         Harm     .     l - +0 pair of gloves
MR     +....                    (no barding)
Stlth  +.........               (no amulet)
                                n - ring of see invisible
                                h - ring of protection from magic

@: very slow
A: see invisible, deformed body, poison resistance, slowness 2, slow metabolism
1, spit poison 1, AC +1
a: Spit Poison


You were on level 2 of the Dungeon.
You were not hungry.

You visited 1 branch of the dungeon, and saw 3 of its levels.

You collected 113 gold pieces.

Inventory:

Hand Weapons
 e - a +0 hand axe (weapon)
 t - a +0 spear
 w - a +0 long sword
Missiles
 a - 26 arrows
Armour
 b - a +0 robe
 k - a +0 ring mail of fire resistance (worn)
 l - a +0 pair of gloves (worn)
 o - a +0 buckler
Jewellery
 h - a ring of protection from magic (left hand)
 n - a ring of see invisible (right hand)
Scrolls
 i - a scroll of remove curse {unknown}
 p - a scroll of identify {unknown}
 r - a scroll of amnesia {unknown}
 x - a scroll of noise {unknown}
Potions
 f - a potion of magic {unknown}
 g - a potion of curing {unknown}
 m - 2 potions of haste {unknown}
 s - a potion of degeneration {unknown}
 v - a potion of might {unknown}
Books
 c - a book of Changes

   Spells                             Type                      Level
   a - Beastly Appendage              Transmutation                1
   b - Sticks to Snakes               Transmutation                2
   c - Spider Form                    Transmutation/Poison         3
   d - Ice Form                       Ice/Transmutation            4
   e - Blade Hands                    Transmutation                5
Comestibles
 j - a royal jelly
 q - 2 meat rations
 u - a slice of pizza


   Skills:
 + Level 1.5 Fighting
 + Level 1.5 Axes
 + Level 1.8 Armour
 + Level 2.2 Dodging
 + Level 1.4 Stealth
 + Level 3.5 Unarmed Combat
 + Level 2.2 Spellcasting
 + Level 2.4 Transmutations


You had 2 spell levels left.
You knew the following spells:

 Your Spells              Type           Power        Failure   Level  Hunger
a - Beastly Appendage     Tmut           #.....       21%         1    ##.....
b - Blade Hands           Tmut           #.........   100%        5    ######.


Dungeon Overview and Level Annotations

Branches:
Dungeon (3/15)

Altars:
Ashenzari
Ru

Annotations:
D:3 Grinder, Natasha, Robin


Innate Abilities, Weirdness & Mutations

You cannot wear boots.
Your serpentine skin is tough. (AC +1)
You have supernaturally acute eyesight. (SInv)
Armour fits poorly on your strangely shaped body.
Your system is resistant to poisons. (rPois)
You cover ground very slowly.
You have a slow metabolism.
You can spit poison.


Message History

The jackal closely misses you. The orc priest hits you with a flail.
The hobgoblin hits you but does no damage.
The jackal bites you.
You closely miss the hobgoblin.
The hobgoblin is severely wounded.
You hit the jackal. You completely miss the orc priest.
The hobgoblin hits you but does no damage.
The orc priest hits you with a flail. The jackal barely misses you.
The hobgoblin hits you with a club.
* * * LOW HITPOINT WARNING * * *
The jackal bites you but does no damage.
You hit the hobgoblin.
You kill the hobgoblin!
You hit the jackal but do no damage. You closely miss the orc priest.
The orc priest hits you with a flail!
* * * LOW HITPOINT WARNING * * *
The jackal bites you but does no damage.
The orc priest calls down the wrath of Beogh upon you.
Beogh smites you!
You die...

# #......#.....)#.......#
# #..###.#...##.#.......#
# #..# #.#.#.##.#.......#
# #..###.#.#..#.#.......#
# #..##.......#)#)......#
# #.....................#
####.#####..............#
#....# #.....o).......#
#.#### #....)>@....(..#
#.########.....h[.......#
.............†.)........#
..............[.........#
........................#
#########..........######
#...#....### #...#....#
#...######


You could see an orc priest and a jackal.

Vanquished Creatures
  4 gnolls (D:2)
  2 adders (D:2)
  4 worms
  3 dart slugs (D:1)
  4 leopard geckos
  6 orcs
  5 bats
  2 giant cockroaches (D:2)
  6 goblins
  11 hobgoblins
  3 jackals (D:2)
  9 kobolds
  A ball python (D:1)
  3 frilled lizards
  3 rats
  5 fungi (D:2)
  7 plants (D:2)
78 creatures vanquished.

Notes
Turn   | Place    | Note
-------+----------+-------------------------------------------
     0 | D:1      | DatMonkey the Naga Transmuter began the quest for the Orb.
     0 | D:1      | Reached XP level 1. HP: 18/18 MP: 3/3
   400 | D:1      | Reached XP level 2. HP: 25/25 MP: 5/5
   639 | D:1      | Reached XP level 3. HP: 7/31 MP: 6/6
  1589 | D:2      | Found a shattered altar of Ashenzari.
  1812 | D:2      | Found a sacrificial altar of Ru.
  1896 | D:2      | Reached skill level 1 in Axes
  2268 | D:2      | Reached XP level 4. HP: 38/38 MP: 7/7
  2733 | D:2      | Reached skill level 1 in Armour
  2744 | D:2      | Reached skill level 1 in Stealth
  2744 | D:2      | Reached XP level 5. HP: 19/44 MP: 8/8
  3571 | D:3      | Learned a level 5 spell: Blade Hands
  3641 | D:3      | Noticed Robin
  3646 | D:3      | Noticed Natasha
  3960 | D:3      | Noticed Grinder
  4040 | D:2      | Killed from afar by an orc priest

Skill      XL: |  1  2  3  4 |
---------------+-------------+-----
Dodging        | 2 |  2.2
Axes           | 1 |  1.5
Armour         | 1 |  1.8
Stealth        | 1 |  1.4
Fighting       | |  1.5
Unarmed Combat | |  3.5
Spellcasting   | |  2.2
Transmutations | |  2.4

Action                   |  1- 3 |  4- 6 || total
-------------------------+-------+-------++-------
Melee: Unarmed           |     8 |       ||     8
       Hand axe          |    94 |   473 ||   567
       Headbutt          |     2 |     3 ||     5
       Punch             |       |    14 ||    14
 Cast: Beastly Appendage |     2 |     1 ||     3
 Abil: Spit Poison       |    23 |    32 ||    55
  Eat: Bread ration      |     1 |     2 ||     3
       Chunk             |       |     1 ||     1
Armor: Robe              |     5 |       ||     5
       Ring mail         |    19 |    83 ||   102
Dodge: Dodged            |    44 |   127 ||   171
